 Dungeon Crawl Stone Soup version 0.29.1-12-g30fa7ad0bf (webtiles) character file.

Game seed: 8949906267545767745

14 Radix the Firebug (level 2, 20/24 HPs)
             Began as an Ogre Fire Elementalist on Dec 14, 2022.
             Quit the game on level 1 of the Dungeon.
             The game lasted 00:05:49 (845 turns).

Radix the Firebug (Ogre Fire Elementalist)           Turns: 845, Time: 00:05:49

Health: 20/24      AC:  3    Str: 11    XL:     2   Next: 45%
Magic:  4/5        EV:  9    Int: 16    God:
Gold:   29         SH:  0    Dex:  9    Spells: 5/6 levels left

rFire   . . .      SeeInvis .   e - +0 dagger
rCold   . . .      Faith    .   (no shield)
rNeg    . . .      Spirit   .   a - +0 robe
rPois   .          Reflect  .   (helmet restricted)
rElec   .          Harm     .   (no cloak)
rCorr   .          Rampage  .   (gloves unavailable)
Will    .....                   (boots unavailable)
Stlth   +.........              (no amulet)
HPRegen 0.08/turn               (no ring)
MPRegen 0.09/turn               (no ring)

@: no status effects
A: large, unfitting armour, tough skin 1
a: no special abilities


You were on level 1 of the Dungeon.
You visited 1 branch of the dungeon, and saw 1 of its levels.

You collected 29 gold pieces.

Inventory:

Hand Weapons
 e - a +0 dagger (weapon)
Armour
 a - a +0 robe (worn)
Scrolls
 c - a scroll of identify {unknown}
 f - a scroll of butterflies {unknown}
Potions
 b - a potion of magic
 d - 2 potions of mutation {unknown}
 g - a potion of brilliance {unknown}
 h - a potion of attraction {unknown}


   Skills:
 - Level 1.7 Dodging
 - Level 1.4 Stealth
 + Level 2.8 Spellcasting
 + Level 1.3 Conjurations
 + Level 3.0 Fire Magic


You had 5 spell levels left.
You knew the following spells:

 Your Spells              Type           Power      Damage    Failure   Level
a - Foxfire               Conj/Fire      36%        2x1d5     8%          1

Your spell library contained the following spells:

 Spells                   Type           Power      Damage    Failure   Level
 Scorch                   Fire           22%        2d6       9%          2
 Conjure Flame            Conj/Fire      9%         6-21      24%         3
 Inner Flame              Hex/Fire       7%         N/A       30%         3
 Flame Wave               Conj/Fire      9%         2d6       61%         4


Dungeon Overview and Level Annotations

Branches:
Dungeon (1/15)

Altars:

Shops:
D:1 (


Innate Abilities, Weirdness & Mutations

You are too large for most types of armour.
You have tough skin. (AC +1)


Message History

The endoplasm freezes you.
You are frozen.
Casting: Foxfire (safe; 9% risk of failure)
Press: ? - help, Q - select action Dir - look around, f - activate You conjure some foxfire!
The endoplasm completely misses you.
The foxfire hits the endoplasm.
The endoplasm is severely wounded.
The foxfire hits the endoplasm.
You kill the endoplasm!
Your magical contamination has completely faded away.
A ball python comes into view.
The ball python hisses angrily.
Casting: Foxfire (safe; 8% risk of failure)
Press: ? - help, Q - select action Dir - look around, f - activate You conjure some foxfire!
The foxfire hits the ball python.
You kill the ball python!
An endoplasm comes into view.
The endoplasm quivers.
Casting: Foxfire (safe; 8% risk of failure)
Press: ? - help, Q - select action Dir - look around, f - activate You conjure some foxfire!
The foxfire hits the endoplasm.
The endoplasm is heavily wounded.
The foxfire hits the endoplasm.
The endoplasm is severely wounded.
Casting: Foxfire (safe; 8% risk of failure)
Press: ? - help, Q - select action Dir - look around, f - activate You conjure some foxfire!
The endoplasm freezes you.
You are frozen.
Your foxfire dissipates!
The foxfire hits the endoplasm.
You kill the endoplasm!
Your Fire Magic skill increases to level 3!
Found Jumm's Weapon Shoppe.
You now have 29 gold pieces (gained 16).
Unknown command.
Are you sure you want to abandon this character and quit the game? (Confirm with "yes".)

.........###.##.
.###.###.###.##.## ....
.##...##..........
..... #.....#.###.##..#
..... ### #.......#
#.##..#..... #..
#.....#.###.##..#...#
#.#
##...##..##.##..#...##.
#.#
######................
#.#
.......#......@....##.
#..
............#..#......
#..
..##..................
### .
#......#.#......... #..
#...........#.#..#. #<.
#......#.........# #..
#......#.#.##.#..# ###
#.######.#.# .#..⌠. #.
#.#.# # ..∩


There were no monsters in sight!

Vanquished Creatures
  2 endoplasms (D:1)
  2 goblins (D:1)
  A hobgoblin (D:1)
  3 kobolds (D:1)
  A quokka (D:1)
  A ball python (D:1)
  3 frilled lizards (D:1)
13 creatures vanquished.

Vanquished Creatures (others)
  26 foxfires (D:1)
26 creatures vanquished.

Grand Total: 39 creatures vanquished

Notes
Turn   | Place    | Note
-------+----------+-------------------------------------------
     0 | D:1      | Radix the Ogre Fire Elementalist began the quest for the
                  | Orb.
     0 | D:1      | Reached XP level 1. HP: 16/16 MP: 3/3
    85 | D:1      | Reached skill level 1 in Conjurations
   208 | D:1      | Reached XP level 2. HP: 12/24 MP: 0/5
   838 | D:1      | Reached skill level 3 in Fire Magic
   841 | D:1      | Found Jumm's Weapon Shoppe.
   845 | D:1      | Quit the game

Illustrated notes

Levels and vault maps discovered:
D:1:      dpeg_arrival_court, layout_basic, ebering_ecumenical_altar_webs,
          serial_shops, shop_fountains, minmay_misc_feat_roman,
          minmay_misc_feat_enclosed, minmay_split_cup_small

Skill      XL: |  1  2 |
---------------+-------+-----
Conjurations   | 1 |  1.3
Fire Magic     | 3 |  3.0
Dodging        | |  1.7
Stealth        | |  1.4
Spellcasting   | |  2.8

Action                   || total
-------------------------++-------
Melee: Unarmed           ||     9
       Dagger            ||    14
 Cast: Foxfire           ||    18
Armor: Robe              ||     7
Dodge: Dodged            ||    21
